 Dungeon Crawl Stone Soup version 0.28.0-1-gb440e238dd (webtiles) character file.

Game seed: 2617691667308617671

2 Snicker the Sneak (level 1, 0/18 HPs)
             Began as a Demonspawn Delver on Feb 22, 2022.
             Slain by a kobold brigand (8 damage)
             ... on level 5 of the Dungeon.
             The game lasted 00:00:34 (133 turns).

Snicker the Sneak (Demonspawn Delver)                Turns: 133, Time: 00:00:34

Health: 0/18       AC:  3    Str: 12    XL:     1   Next: 33%
Magic:  1/1        EV: 11    Int: 11    God:
Gold:   0          SH:  0    Dex: 14    Spells: 0/0 levels left

rFire   . . .      SeeInvis .   a - +0 short sword
rCold   . . .      Faith    .   (no shield)
rNeg    . . .      Spirit   .   b - +0 leather armour
rPois   .          Reflect  .   (no helmet)
rElec   .          Harm     .   (no cloak)
rCorr   .          Rampage  .   (no gloves)
Will    .....                   (no boots)
Stlth   +++.......              (no amulet)
HPRegen 0.06/turn               (no ring)
MPRegen 0.07/turn               (no ring)

@: no status effects
A: no striking features
a: no special abilities


You were on level 5 of the Dungeon.
You visited 1 branch of the dungeon, and saw 3 of its levels.

Inventory:

Hand Weapons
 a - a +0 short sword (weapon)
Armour
 b - a +0 leather armour (worn)
Wands
 g - a wand of digging (3)
Scrolls
 c - a scroll of fog
 d - a scroll of magic mapping
 e - a scroll of fear
 i - a scroll of teleportation {unknown}
Potions
 f - a potion of haste
 h - a potion of lignification {unknown}


   Skills:
 + Level 3.0 Fighting
 + Level 1.7 Short Blades
 + Level 1.7 Dodging
 + Level 4.6 Stealth


You couldn't memorise any spells.
You didn't know any spells.
Your spell library was empty.

Dungeon Overview and Level Annotations

Branches:
Dungeon (6/15)
 Temple: D:4-7

Altars:
Trog


Message History

A kobold brigand comes into view.
It is wielding a +0 club and quivering poisoned darts.
Things that are here:
a +0 whip; 3 stones; a kobold corpse The kobold brigand moves out of view.
A kobold comes into view.
It is wielding a +1 short sword of holy wrath.
The kobold shouts!
There is a stone staircase leading up here.
You climb upwards.
There is a stone staircase leading down here.
There is a stone staircase leading up here.
You climb upwards.
Found a white potion and a scroll labelled PUCETWAEVU.
There is a stone staircase leading down here.
Found a bloodstained altar of Trog.
There is a stone staircase leading down here.
You climb downwards.
There is a stone staircase leading up here.
Found a stone staircase leading down.
There is a stone staircase leading down here.
You climb downwards.
The kobold throws a stone.
The stone hits you but does no damage.
There is a stone staircase leading up here.
The kobold brigand shouts!
The kobold throws a stone.
The stone misses you. The kobold hits you but does no damage.
You hit the kobold.
You kill the kobold!
You barely miss the kobold. The kobold barely misses you.
You closely miss the kobold. The kobold closely misses you.
You hit the kobold.
You kill the kobold!
The kobold brigand hits you with a +0 club.
There is a stone staircase leading up here.
You climb upwards.
There is a stone staircase leading down here.
The kobold brigand barely misses you.
You hit the kobold brigand but do no damage.
The kobold brigand hits you with a +0 club.
The kobold brigand hits you with a +0 club!
You die...

#################
#................
#.#############.#
########.## #.#
.......@.># #.#
########K.# #.# ...#..#
#.# ......# #.# #....#
#.# #....#### ##.#
#....#... .#.# #
##....#.########.#.#
#.####........[.......#.#


You could see a kobold brigand.

Vanquished Creatures
  3 kobolds (D:6)
3 creatures vanquished.

Notes
Turn   | Place    | Note
-------+----------+-------------------------------------------
     0 | D:5      | Snicker the Demonspawn Delver began the quest for the Orb.
     0 | D:5      | Reached XP level 1. HP: 18/18 MP: 1/1
    42 | D:6      | Noticed a scorpion
    43 | D:6      | Noticed a kobold brigand
    63 | D:4      | Found a bloodstained altar of Trog.
   133 | D:5      | Slain by a kobold brigand

Illustrated notes

Levels and vault maps discovered:
D:4:      layout_loops_ring, nicolae_overflow_hidden_temple
D:5:      layout_basic, st_stairs_12, grunt_ministairs_2,
          kennysheep_pointless_box, minmay_chambers_of_fives
D:6:      layout_loops_cross, mainiacjoe_overflow_tiny_flanked,
          amcnicky_mini_rare_corridor_liquid, kennysheep_generic_room_14

Action                   || total
-------------------------++-------
Melee: Short sword       ||     6
Armor: Leather armour    ||     4
Dodge: Dodged            ||     6
